AoeStats
← PABLICRAFT07

Arena

505712407Analyzed
4v4 RM · 22d ago on Sep 10, 2026· 56m 39s· 8 players
Game mode
Random Map
Map size
Large (8 player)
Population
200
Speed
Normal
Resources
Standard
Victory
Conquest
Starting age
Dark Age
Ending age
Imperial Age
RankedLock teamsTeams togetherTeam positionsShared explorationLock speedFull tech treeHidden civsTurbo modeCheats
Victory
Defeat
🇹🇷 Chinese · Türkiye
927
+13
🇹🇷 Turks · Türkiye
838
+17
🇮🇹 Portuguese · Italy
825
+17
🇳🇱 Teutons · Netherlands
779
+20
🇧🇷 Burgundians · Brazil
858
-17
🇨🇱 Aztecs · Chile
857
-36
🇦🇷 Byzantines · Argentina
854
-17
🇲🇽 Cumans · Mexico
848
-16
PABLICRAFT07
10:25 Feudal Age
14:16 Castle Age
12:53 Double-Bit Axe
12:58 Loom
16:05 Horse Collar
21:21 Town Watch
23:25 Wheelbarrow
24:37 Heavy Plow
25:03 Bow Saw
27:43 Gold Mining
28:18 Hand Cart
29:07 Town Patrol
33:59 Imperial Age
32:17 Gold Shaft Mining
32:37 Forging
33:30 Scale Mail Armor
34:09 Iron Casting
36:19 Blast Furnace
35:35 Chain Mail Armor
34:48 Eagle Warrior
38:20 Garland Wars
38:38 Plate Mail Armor
39:17 Conscription
39:44 Elite Jaguar Warrior
39:52 Capped Ram
41:10 Siege Ram
43:14 Gambesons
43:31 Squires
43:18 Arson
43:54 Elite Eagle Warrior
46:41 Crop Rotation
47:11 Atlatl
47:30 Fletching
47:43 Padded Archer Armor
48:48 Chemistry
48:08 Ballistics
48:06 Elite Skirmisher
50:59 Bodkin Arrow
51:23 Leather Archer Armor
54:08 Bracer
54:19 Siege Engineers
54:15 Murder Holes
Robert
10:57 Feudal Age
9:36 Double-Bit Axe
12:34 Horse Collar
14:00 Bow Saw
16:31 Gold Mining
16:38 Stone Mining
18:58 Castle Age
17:10 Loom
17:28 Heavy Plow
18:59 Gold Shaft Mining
20:49 Two-Man Saw
20:52 Fervor
25:22 Husbandry
25:27 Cavalier
26:16 Scale Barding Armor
26:23 Forging
27:05 Wheelbarrow
29:50 Iron Casting
31:18 Chain Barding Armor
31:47 Burgundian Vineyards
31:35 Town Watch
32:45 Hand Cart
33:13 Fortified Wall
36:56 Imperial Age
37:11 Murder Holes
37:00 Paladin
38:21 Plate Barding Armor
38:47 Blast Furnace
38:10 Conscription
52:51 Flemish Revolution
54:23 Scale Mail Armor
AK47
2:58 Loom
10:55 Feudal Age
11:45 Double-Bit Axe
13:56 Wheelbarrow
17:57 Castle Age
16:20 Horse Collar
23:27 Bow Saw
25:29 Heavy Plow
28:26 Murder Holes
28:46 Fortified Wall
29:56 Forging
29:55 Scale Barding Armor
29:51 Padded Archer Armor
29:42 Fletching
32:00 Elite Skirmisher
34:22 Iron Casting
34:07 Chain Barding Armor
33:49 Padded Archer Armor
33:44 Bodkin Arrow
38:56 Imperial Age
36:33 Caravan
38:28 Hand Cart
41:04 Ballistics
41:45 Chemistry
40:25 Treadmill Crane
43:22 Logistica
43:44 Conscription
44:02 Hoardings
45:44 Sanctity
47:12 Gold Mining
47:12 Stone Mining
ElBlack
11:46 Feudal Age
18:16 Castle Age
20:31 Loom
20:57 Double-Bit Axe
21:59 Fletching
23:53 Bodkin Arrow
24:43 Padded Archer Armor
27:02 Elite Skirmisher
31:04 Imperial Age
30:07 Scale Barding Armor
30:45 Horse Collar
33:14 Ballistics
33:03 Thumb Ring
35:38 Leather Archer Armor
37:44 Ring Archer Armor
37:01 Elite Kipchak
38:29 Forging
40:10 Iron Casting
39:38 Scale Mail Armor
42:55 Bow Saw
44:21 Gold Mining
45:21 Wheelbarrow
45:25 Bloodlines
48:52 Chain Mail Armor
bat_red
7:03 Loom
11:11 Feudal Age
11:42 Double-Bit Axe
16:28 Horse Collar
19:04 Castle Age
17:05 Stone Mining
17:22 Gold Mining
19:54 Wheelbarrow
20:20 Heavy Plow
21:19 Bow Saw
23:26 Hand Cart
23:01 Town Watch
24:13 Scale Barding Armor
31:20 Imperial Age
29:17 Forging
30:34 Town Patrol
31:20 Bloodlines
31:40 Squires
31:27 Arson
33:05 Iron Casting
32:52 Chain Barding Armor
32:44 Caravan
33:13 Fletching
32:47 Cavalier
34:54 Stone Shaft Mining
35:22 Two-Man Saw
35:19 Crop Rotation
34:17 Capped Ram
35:57 Conscription
37:35 Blast Furnace
37:11 Plate Barding Armor
38:22 Hoardings
38:06 Masonry
38:16 Ballistics
38:09 Fortified Wall
39:33 Siege Engineers
39:35 Pikeman
40:01 Gambesons
40:24 Scale Mail Armor
40:20 Bodkin Arrow
41:37 Chain Mail Armor
43:04 Plate Mail Armor
43:11 Halberdier
52:52 Chemistry
53:23 Paladin
filippo.nunnari
0:33 Loom
13:43 Feudal Age
14:20 Town Watch
15:18 Horse Collar
18:36 Gold Mining
22:01 Castle Age
20:53 Stone Mining
21:56 Double-Bit Axe
23:40 Wheelbarrow
23:46 Stone Shaft Mining
23:24 Bow Saw
23:18 Heavy Plow
28:31 Hand Cart
29:45 Fletching
29:55 Padded Archer Armor
30:41 Pikeman
31:55 Bodkin Arrow
32:16 Leather Archer Armor
32:23 Ballistics
31:59 Murder Holes
35:23 Fortified Wall
35:24 Masonry
35:57 Coinage
36:02 Thumb Ring
37:23 Elite Skirmisher
40:40 Imperial Age
39:15 Town Patrol
39:56 Caravan
41:31 Bracer
42:02 Ring Archer Armor
42:44 Chemistry
42:52 Conscription
45:14 Banking
44:55 Guilds
44:59 Forging
44:49 Scale Mail Armor
44:55 Scale Barding Armor
45:48 Arquebus
47:56 Gambesons
47:33 Halberdier
48:00 Arson
47:37 Man-at-Arms
50:11 Long Swordsman
50:59 Siege Engineers
51:24 Architecture
51:59 Two-Handed Swordsman
53:41 Sappers
55:07 Iron Casting
54:47 Chain Mail Armor
terracotta
0:38 Loom
11:52 Feudal Age
12:46 Horse Collar
17:39 Castle Age
21:04 Double-Bit Axe
22:05 Fletching
25:13 Heavy Plow
27:22 Thumb Ring
31:10 Imperial Age
29:59 Fortified Wall
31:08 Great Wall
31:35 Ballistics
32:18 Conscription
32:41 Squires
32:42 Stone Mining
32:44 Gold Mining
34:48 Arrowslits
36:50 Bodkin Arrow
37:26 Bracer
37:24 Murder Holes
38:07 Wheelbarrow
37:23 Town Watch
38:10 Coinage
37:05 Elite Chu Ko Nu
39:42 Masonry
40:24 Gold Shaft Mining
40:27 Stone Shaft Mining
43:20 Rocketry
43:29 Bow Saw
43:58 Architecture
43:57 Forging
44:27 Heavy Rocket Cart
46:52 Two-Man Saw
46:38 Elite Fire Lancer
47:04 Arson
47:39 Hand Cart
48:18 Banking
48:17 Pikeman
48:28 Elite Skirmisher
49:54 Padded Archer Armor
49:55 Scale Mail Armor
51:02 Leather Archer Armor
51:51 Chemistry
52:00 Chain Mail Armor
53:44 Scale Barding Armor
55:12 Halberdier
56:28 Plate Mail Armor
57:08 Bombard Tower
Sole
0:27 Loom
12:30 Feudal Age
19:04 Castle Age
21:53 Wheelbarrow
21:36 Double-Bit Axe
21:46 Stone Mining
22:32 Fervor
22:19 Gold Mining
23:02 Treadmill Crane
25:14 Fortified Wall
26:53 Fletching
27:27 Ballistics
29:24 Murder Holes
29:56 Horse Collar
30:33 Masonry
32:34 Heavy Plow
33:03 Bow Saw
36:10 Hand Cart
36:05 Padded Archer Armor
36:18 Bodkin Arrow
37:56 Leather Archer Armor
44:38 Imperial Age
42:55 Husbandry
43:06 Bloodlines
44:24 Gold Shaft Mining
46:52 Two-Man Saw
46:41 Conscription
45:43 Elite Janissary
52:14 Forging
52:20 Scale Barding Armor
52:56 Caravan
53:57 Artillery
55:01 Iron Casting
Connection lost

Rejoining the realm…

Still unreachable

The connection could not be restored.

Session expired

The server has moved on; the page needs a fresh start.